 Dungeon Crawl Stone Soup version 0.28.0-53-g5a82cb258f (webtiles) character file.

Game seed: 494705073001221060

77 zdrol the Slasher (level 4, -5/39 HPs)
             Began as a Minotaur Fighter on July 28, 2022.
             Killed from afar by Sigmund (10 damage)
             ... with a magic dart
             ... on level 5 of the Dungeon.
             The game lasted 00:07:20 (2132 turns).

zdrol the Slasher (Minotaur Fighter)                Turns: 2132, Time: 00:07:21

Health: -5/39      AC:  6    Str: 23    XL:     4   Next: 13%
Magic:  3/3        EV:  9    Int:  5    God:
Gold:   193        SH:  0    Dex:  9    Spells: 3/3 levels left

rFire   + . .      SeeInvis .   a - +0 long sword
rCold   x . .      Faith    .   c - +0 buckler
rNeg    . . .      Spirit   .   b - +0 scale mail
rPois   .          Reflect  .   (helmet restricted)
rElec   .          Harm     .   (no cloak)
rCorr   .          Rampage  .   (no gloves)
Will    .....                   (no boots)
Stlth   ..........              (no amulet)
HPRegen 0.13/turn               j - ring of fire
MPRegen 0.08/turn               (no ring)

@: confused
A: horns 2, retaliatory headbutt
a: no special abilities


You were on level 5 of the Dungeon.
You visited 1 branch of the dungeon, and saw 5 of its levels.

You collected 193 gold pieces.

Inventory:

Hand Weapons
 a - a +0 long sword (weapon)
 f - a +1 short sword of protection
Armour
 b - a +0 scale mail (worn)
 c - a +0 buckler (worn)
Jewellery
 j - a ring of fire (left hand)
 l - a ring of fire
Scrolls
 e - 2 scrolls of identify
 m - a scroll of noise
 n - a scroll of silence {unknown}
Potions
 d - a potion of might
 h - a potion of attraction
 i - 2 potions of brilliance
 k - a potion of haste


   Skills:
 - Level 3.6 Fighting
 * Level 5.2 Long Blades
 - Level 3.6 Armour
 - Level 0.2 Dodging
 - Level 0.3 Stealth
 - Level 3.6 Shields


You had 3 spell levels left.
You didn't know any spells.
Your spell library contained the following spells:

 Spells                   Type           Power      Damage    Failure   Level
 Magic Dart               Conj           0%         1d3       86%         1
 Call Imp                 Summ           0%         N/A       95%         2
 Mephitic Cloud           Conj/Pois/Air  0%         N/A       99%         3


Dungeon Overview and Level Annotations

Branches:
Dungeon (4/15)
 Temple: D:4-7

Altars:

Annotations:
D:5 Sigmund


Innate Abilities, Weirdness & Mutations

You have a pair of horns on your head.
You reflexively headbutt those who attack you in melee.


Message History

You slash the rat!
You kill the rat!
You see here a rat corpse.
A sourceless malevolence fills the Dungeon...
You fall into a shaft and drop 2 floors!
The shaft crumbles and collapses.
Sigmund the Dreaded comes into view.
He is wielding a +0 scythe.
Sigmund shouts!
You hear a shout!
Unknown command.
Sigmund mumbles some strange words.
Sigmund flickers and vanishes!
Deactivating autopickup; reactivate with Ctrl-A.
You hear some strange, mumbled words.
You are confused.
Something completely misses you.
You hit something.
A gnoll comes into view. It is wielding a +0 flail.
Something hits you.
You bump into the rock wall.
Something hits you!
You bump into the rock wall.
You feel less confused. Something hits you!
* * * LOW HITPOINT WARNING * * *
You feel much better.
You hear some strange, mumbled words.
A puff of flame appears from out of thin air!
The puff of flame misses you.
An orc comes into view. It is wielding a +0 club.
You hear some strange, mumbled words.
You are confused.
The gnoll hits you but does no damage.
You slash something! Something hits you! The gnoll hits you with a +0 flail.
Something hits you!
You bump into the rock wall.
The gnoll hits you with a +0 flail!
* * * LOW HITPOINT WARNING * * *
You bump into the rock wall.
You hear some strange, mumbled words.
A magic dart appears from out of thin air!
The magic dart hits you!
You die...

### ## ##
#.#####..##.
##..##.#.@.......
#........g{.o....
##.....#........#
#####.##.#.....#
######....##
.##... # ##.


You could see a gnoll and an orc.

Vanquished Creatures
  Ijyb (D:4)
  2 worms
  A dart slug (D:1)
  2 ball pythons (D:1)
  4 endoplasms
  A giant cockroach (D:1)
  5 goblins
  6 hobgoblins
  10 kobolds
  A quokka (D:3)
  A frilled lizard (D:1)
  4 rats
38 creatures vanquished.

Notes
Turn   | Place    | Note
-------+----------+-------------------------------------------
     0 | D:1      | zdrol the Minotaur Fighter began the quest for the Orb.
     0 | D:1      | Reached XP level 1. HP: 19/19 MP: 0/0
   251 | D:1      | Reached skill level 3 in Long Blades
   283 | D:1      | Reached XP level 2. HP: 23/26 MP: 1/1
   357 | D:2      | Reached skill level 4 in Long Blades
  1018 | D:2      | Reached XP level 3. HP: 31/31 MP: 2/2
  1912 | D:4      | Noticed Ijyb
  1914 | D:4      | Paralysed by Ijyb for 4 turns
  1925 | D:4      | Killed Ijyb
  1926 | D:4      | Reached skill level 5 in Long Blades
  1926 | D:4      | Reached XP level 4. HP: 37/39 MP: 3/3
  2117 | D:3      | You fall into a shaft and drop 2 floors!
  2117 | D:5      | Entered Level 5 of the Dungeon
  2117 | D:5      | Noticed Sigmund
  2132 | D:5      | Killed from afar by Sigmund

Illustrated notes

Levels and vault maps discovered:
D:1:      dpeg_arrival_leaves_temple_mockup, layout_rooms, hex_intersection
D:2:      layout_loops_ring
D:3:      layout_rooms
D:4:      layout_basic, uniq_ijyb
D:5:      layout_cave_pools, st_stairs_1, uniq_sigmund

Skill      XL: |  1  2  3 |
---------------+----------+-----
Long Blades    | 3 4 5 |  5.2
Fighting       | |  3.6
Armour         | |  3.6
Dodging        | |  0.2
Stealth        | |  0.3
Shields        | |  3.6

Action                   |  1- 3 |  4- 6 || total
-------------------------+-------+-------++-------
Melee: Long sword        |    67 |    14 ||    81
       Headbutt          |    12 |     3 ||    15
  Use: Scroll            |     3 |     2 ||     5
       Potion            |       |     1 ||     1
Armor: Scale mail        |    28 |     5 ||    33
Dodge: Dodged            |    38 |     3 ||    41
Block: Buckler           |     9 |     1 ||    10
